 Dungeon Crawl Stone Soup version 0.30.1-6-gbe392663c4 (webtiles) character file.

Game seed: 7777379956916968634

8782 Haddock123 the Geomancer (level 11, -2/156 HPs)
             Began as a Naga Earth Elementalist on Sept 21, 2023.
             Was a Believer of Cheibriados.
             Slain by a yak (12 damage)
             ... on level 10 of the Dungeon.
             The game lasted 00:19:12 (9091 turns).

Haddock123 the Geomancer (Naga Earth Elementalist)  Turns: 9091, Time: 00:19:13

Health: -2/156     AC: 25    Str: 18    XL:     11   Next: 36%
Magic:  4/23       EV:  1    Int: 31    God:    Cheibriados [**....]
Gold:   564        SH:  0    Dex: 17    Spells: 21/27 levels left

rFire   + . .        l - +6 glaive "Earthworm" {venom, Contam rF+ SInv}
rCold   . . .        (shield currently unavailable)
rNeg    . . .        a - melded +0 robe
rPois   +            (helmet currently unavailable)
rElec   .            k - melded +0 cloak
rCorr   .            (gloves currently unavailable)
SInv    +            j - melded +0 barding
Will    ++...        w - amulet of faith
Stlth   ++           o - ring of willpower
HPRegen 0.46/turn    m - +6 ring of intelligence
MPRegen 0.18/turn

%: faith
@: tree-form, very slow
A: stationary, stasis, torment immunity, boosted hp, AC +3, large, see
invisible, (deformed body), (poison resistance), (slowness 2), spit poison 1,
(naga tail 1)
a: Spit Poison, Renounce Religion, Bend Time


You were on level 10 of the Dungeon.
You worshipped Cheibriados.
Cheibriados was pleased with you.
You were a tree.
You visited 2 branches of the dungeon, and saw 11 of its levels.

You collected 664 gold pieces.
You spent 100 gold pieces at shops.

Inventory:

Hand Weapons
 c - a +0 mace
 e - a +0 dagger
 g - a +2 short sword of holy wrath
 l - the +6 glaive "Earthworm" (weapon) {venom, Contam rF+ SInv}
   (You found it on level 2 of the Dungeon)

   rF:        It protects you from fire.
   SInv:      It lets you see invisible.
   Contam:    It causes magical contamination when unequipped.
Armour
 a - a +0 robe (melded)
 j - a +0 barding (melded)
 k - a +0 cloak (melded)
 q - a scarf of resistance
 Q - the +2 hat of the Bear Spirit {Spirit, Bear, *Rage Will++}
   (You found it on level 8 of the Dungeon)

   Bear:      Going berserk makes the wearer exceptionally tough, and they are
   slowed for a shorter time afterward.
   *Rage:     It berserks you when you make melee attacks (+20% chance).
   Will:      It greatly increases your willpower.
Jewellery
 m - a +6 ring of intelligence (right branch)
 o - a ring of willpower (left branch)
 u - a +4 ring of protection
 w - an amulet of faith (around neck)
 y - a ring of flight
 B - a ring of protection from fire
 F - an amulet of magic regeneration
 H - a ring of magical power
Wands
 A - a wand of paralysis (5)
 D - a wand of light (1)
 J - a wand of polymorph (9)
 O - a wand of flame (21)
 R - a wand of digging (5)
Scrolls
 h - 3 scrolls of teleportation
 i - 6 scrolls of fear {unknown}
 n - 4 scrolls of magic mapping {unknown}
 p - 3 scrolls of amnesia {unknown}
 r - a scroll of noise {unknown}
 t - 2 scrolls of fog {unknown}
 v - 2 scrolls of enchant armour
 x - 2 scrolls of vulnerability {unknown}
 z - 2 scrolls of acquirement {unknown}
 C - 2 scrolls of enchant weapon {unknown}
 E - a scroll of poison {unknown}
Potions
 b - a potion of magic
 d - 5 potions of curing
 f - 5 potions of ambrosia
 s - 5 potions of might
 I - 2 potions of attraction
 K - 2 potions of degeneration
 L - a potion of berserk rage
 M - a potion of lignification
 N - 2 potions of resistance
 P - 2 potions of mutation


   Skills:
 + Level 8.8 Fighting
 - Level 0.7 Polearms
 - Level 1.5 Dodging
 - Level 3.2 Stealth
 + Level 8.5 Spellcasting
 - Level 6.1 Conjurations
 - Level 4.0 Transmutations
 - Level 10.0 Earth Magic


You had 21 spell levels left.
You knew the following spells:

 Your Spells              Type           Power      Damage    Failure   Level
a - Sandblast             Erth           100%       2d20      1%          1
b - Passwall              Tmut/Erth      45%        N/A       1%          2
c - Stone Arrow           Conj/Erth      100%       3d13      1%          3

Your spell library contained the following spells:

 Spells                   Type           Power      Damage    Failure   Level
 Kiss of Death            Conj/Necr      100%       2d13      1%          1
 Magic Dart               Conj           100%       1d8       1%          1
 Momentum Strike          Conj/Tloc      64%        3d9       1%          2
 Wereblood                Tmut           38%        N/A       1%          2
 Petrify                  Tmut/Erth      54%        N/A       2%          4
 Summon Small Mammal      Summ           52%        N/A       3%          1
 Dazzling Flash           Conj/Hex       64%        N/A       3%          3
 Mephitic Cloud           Conj/Pois/Air  25%        N/A       4%          3
 Blink                    Tloc           26%        N/A       6%          2
 Call Imp                 Summ           26%        N/A       6%          2
 Ensorcelled Hibernation  Hex/Ice        26%        N/A       6%          2
 Lesser Beckoning         Tloc           26%        N/A       6%          2
 Sublimation of Blood     Necr           13%        N/A       6%          2
 Call Canine Familiar     Summ           13%        N/A       12%         3
 Confusing Touch          Hex            13%        N/A       12%         3
 Summon Guardian Golem    Hex/Summ       13%        N/A       12%         3
 Swiftness                Air            13%        N/A       12%         3
 Tukima's Dance           Hex            13%        N/A       12%         3
 Dispel Undead            Necr           13%        3d9       36%         4
 Passage of Golubria      Tloc           13%        N/A       36%         4
 Yara's Violent Unravell  Hex/Tmut       12%        3d7       43%         5
 Agony                    Necr           13%        N/A       71%         5
 Silence                  Hex/Air        6%         N/A       71%         5
 Summon Hydra             Summ           6%         N/A       100%        7


Dungeon Overview and Level Annotations

Branches:
Dungeon (10/15)            Temple (1/1) D:6             Orc (0/2) D:10
   Lair: D:8-11

Altars:
Ashenzari
Cheibriados
Dithmenos
Elyvilon
Fedhas
Gozag
Hepliaklqana
Kikubaaqudgha
Makhleb
Nemelex Xobeh
Okawaru
Qazlal
Ru
Sif Muna
Trog
Uskayaw
Vehumet
Wu Jian
Xom
Yredelemnul
Zin
The Shining One

Shops:
D:3 *   D:9 :*=


Innate Abilities, Weirdness & Mutations

You are a tree.
Your roots penetrate the ground, keeping you stationary.
You cannot be teleported.
You are immune to unholy pain and torment.
Your maximum health is greatly increased.
Your equipment is partially melded.
((Your serpentine skin is tough. (AC +3)))
You have supernaturally acute eyesight. (SInv)
((Armour fits poorly on your strangely shaped body.))
((Your system is resistant to poisons. (rPois)))
((You cover ground very slowly.))
You can spit poison.
((You have a snake-like lower body.))


Message History

Confirm with . or Enter, or press ? or * to list all spells.
Aiming: Sandblast (safe; 1% risk of failure)
Press: ? - help, Shift-Dir - straight line, f - yak
Aim: a yak (91% to hit)
The blast of sand hits the yak!
The yak is heavily wounded.
The yak gores you!
* * * LOW HITPOINT WARNING * * *
The yak gores you but does no damage. x3
Casting: Sandblast (safe; 1% risk of failure)
Confirm with . or Enter, or press ? or * to list all spells.
Aiming: Sandblast (safe; 1% risk of failure)
Press: ? - help, Shift-Dir - straight line, f/p - yak
Aim: a yak (heavily wounded, 91% to hit)
The blast of sand hits the yak!
The yak is severely wounded.
The yak gores you!
* * * LOW HITPOINT WARNING * * *
The yak gores you.
* * * LOW HITPOINT WARNING * * *
You feel better.
The yak gores you but does no damage. x2
Casting: Sandblast (safe; 1% risk of failure)
Confirm with . or Enter, or press ? or * to list all spells.
Aiming: Sandblast (safe; 1% risk of failure)
Press: ? - help, Shift-Dir - straight line, f/p - yak
Aim: a yak (severely wounded, 91% to hit)
The blast of sand hits the yak!!
You kill the yak!
Cheibriados appreciates the change of pace.
The yak gores you but does no damage. The yak gores you!
* * * LOW HITPOINT WARNING * * *
Casting: Sandblast (safe; 1% risk of failure)
Confirm with . or Enter, or press ? or * to list all spells.
Aiming: Sandblast (safe; 1% risk of failure)
Press: ? - help, Shift-Dir - straight line, f - yak
Aim: a yak (91% to hit)
The blast of sand hits the yak!!
The yak is heavily wounded.
The yak gores you!
You die...

##..##...[..#
#....##.....# ....#
......#.....# .Y..#
......#.....# ....#
#######.....# YY..#
............# ....#
............# ....#
............######....#
................♣.....#
######'##+##....Y†....#
...#.......#..........#
...#.......#..........#
############..........#
############


You could see a yak.

Vanquished Creatures
  Erolcha (D:10)
  A gargoyle (D:10)
  2 unseen horrors (D:7)
  A komodo dragon (D:7)
  A wraith (D:7)
  3 vampires
  15 yaks
  2 wyverns (D:10)
  2 steam dragons (D:8)
  3 water moccasins
  3 orc warriors
  A black bear (D:7)
  A sky beast (D:8)
  2 ogres
  3 centaurs
  2 phantoms
  2 kobold brigands (D:7)
  A bullfrog (D:9)
  3 gnoll sergeants
  3 scorpions
  10 wights (D:7)
  6 killer bees
  A jelly (D:7)
  11 howler monkeys
  3 hounds
  An orc priest (D:5)
  Jessica (D:2)
  4 iguanas
  6 orc wizards
  12 gnolls
  4 adders
  2 shadow imps
  2 white imps (D:7)
  2 worms
  2 dart slugs
  21 orcs
  11 ball pythons
  2 endoplasms
  A giant cockroach (D:1)
  13 hobgoblins
  9 jackals
  11 kobolds
  4 quokkas
  9 bats
  2 frilled lizards
  7 goblins
  7 rats
216 creatures vanquished.

Notes
Turn   | Place    | Note
-------+----------+-------------------------------------------
     0 | D:1      | Haddock123 the Naga Earth Elementalist began the quest for
                  | the Orb.
     0 | D:1      | Reached XP level 1. HP: 15/15 MP: 3/3
   131 | D:1      | Reached XP level 2. HP: 20/22 MP: 0/5
   781 | D:1      | Reached XP level 3. HP: 28/28 MP: 4/6
   843 | D:1      | Reached skill level 4 in Earth Magic
  1229 | D:1      | Found a faded altar of an unknown god.
  1402 | D:2      | Identified the +6 glaive "Earthworm" {venom, Contam rF+
                  | SInv}
  1431 | D:2      | Noticed Jessica
  1439 | D:2      | Killed Jessica
  1440 | D:2      | Reached XP level 4. HP: 29/36 MP: 4/7
  1636 | D:2      | You fall into a shaft and drop 1 floor!
  1667 | D:3      | Learned a level 2 spell: Passwall
  1671 | D:3      | Learned a level 3 spell: Stone Arrow
  1807 | D:3      | Reached XP level 5. HP: 37/43 MP: 9/9
  1971 | D:3      | Found Tanef's General Store.
  1975 | D:3      | Bought a scroll of identify for 22 gold pieces
  2353 | D:4      | Found a sacrificial altar of Ru.
  2365 | D:4      | Reached skill level 1 in Fighting
  2447 | D:4      | Reached skill level 1 in Conjurations
  2457 | D:4      | Noticed a phantom
  2504 | D:4      | Reached XP level 6. HP: 52/52 MP: 6/10
  2510 | D:4      | Reached skill level 5 in Earth Magic
  2644 | D:4      | Found a glowing golden altar of the Shining One.
  2681 | D:4      | Reached XP level 7. HP: 58/61 MP: 6/12
  3403 | D:5      | Entered Level 5 of the Dungeon
  3495 | D:5      | Found an ornate altar of the Wu Jian Council.
  3495 | D:5      | Found a broken altar of Ashenzari.
  3685 | D:5      | Reached XP level 8. HP: 64/69 MP: 14/14
  3693 | D:5      | Reached skill level 6 in Earth Magic
  4341 | D:6      | Found an opulent altar of Gozag.
  4420 | D:6      | Found a shimmering blue altar of Sif Muna.
  4554 | D:6      | Found a staircase to the Ecumenical Temple.
  4565 | D:6      | Reached skill level 5 in Spellcasting
  4572 | Temple   | Entered the Ecumenical Temple
  4961 | D:7      | Noticed a komodo dragon
  4967 | D:7      | Killed a komodo dragon
  5142 | D:7      | Reached skill level 5 in Fighting
  5142 | D:7      | Reached skill level 5 in Conjurations
  5142 | D:7      | Reached XP level 9. HP: 81/81 MP: 7/17
  5175 | D:7      | Reached skill level 7 in Earth Magic
  5437 | D:7      | Noticed a hornet
  5439 | D:7      | Noticed an unseen horror
  5442 | D:7      | Noticed a cyclops
  5444 | D:7      | Noticed a kobold demonologist
  5448 | D:7      | Noticed an unseen horror
  5810 | D:7      | Killed an unseen horror
  5838 | D:7      | Killed an unseen horror
  5839 | D:7      | Reached skill level 8 in Earth Magic
  5839 | D:7      | Reached XP level 10. HP: 87/92 MP: 11/19
  6065 | D:8      | Found the +2 hat of the Bear Spirit {Spirit, Bear, *Rage
                  | Will++}
  6095 | D:8      | Found a snail-covered altar of Cheibriados.
  6103 | D:8      | Became a worshipper of Cheibriados the Contemplative
  6259 | D:8      | Found a blossoming altar of Fedhas.
  6832 | D:9      | Reached * piety under Cheibriados
  7019 | D:9      | Found Muacuab's Book Emporium.
  7476 | D:9      | Found Ypofed's Assorted Antiques.
  7486 | D:9      | Bought a scroll of teleportation for 78 gold pieces
  7487 | D:9      | Found Culu's Jewellery Boutique.
  7647 | D:9      | Found a radiant altar of Vehumet.
  7671 | D:9      | Found a burning altar of Makhleb.
  7727 | D:10     | Entered Level 10 of the Dungeon
  7914 | D:10     | Noticed a gargoyle
  7919 | D:10     | Killed a gargoyle
  7920 | D:10     | Reached skill level 9 in Earth Magic
  8069 | D:10     | Reached ** piety under Cheibriados
  8074 | D:10     | HP: 4/96 [yak (14)]
  8297 | D:10     | Reached XP level 11. HP: 97/103 MP: 19/22
  8404 | D:10     | Noticed Erolcha
  8408 | D:10     | Killed Erolcha
  8645 | D:10     | Found a staircase to the Orcish Mines.
  9087 | D:10     | Reached skill level 10 in Earth Magic
  9088 | D:10     | HP: 7/156 [yak (4)]
  9091 | D:10     | Slain by a yak

Illustrated notes

Levels and vault maps discovered:
D:1:      dpeg_arrival_solitude, layout_loops_ring,
          shapermc_ecumenical_altar_hornbeckon, serial_forest,
          infiniplex_forest_clump_curved, infiniplex_forest_clump_cross,
          infiniplex_forest_clump_small, infiniplex_forest_end_double,
          infiniplex_forest_clump_medium, infiniplex_forest_zigzag_1,
          infiniplex_forest_lined_room_2, infiniplex_forest_end_3,
          hangedman_decor_lopped
D:2:      layout_rooms, minmay_misc_feat_secret_circle, minmay_misc_feat_roman,
          uniq_jessica
D:3:      layout_rooms, serial_shops, shop
D:4:      layout_basic, mainiacjoe_overflow_catwalk,
          mainiacjoe_overflow_chevrons, serial_corexii_hall,
          corexii_hall_statues_s, chequers_hall_statues_y
D:5:      layout_loops_ring, nicolae_overflow_two_pavilions,
          minmay_misc_feat_columns, reono_crystal_passage,
          kennysheep_generic_room_13
D:6:      layout_cave_pools, mainiacjoe_overflow_cross_hatched,
          mainiacjoe_overflow_concentric_impassable, temple_fountains
D:7:      layout_loops_ring, chequers_serial_rivers_room_a,
          chequers_serial_rivers_large_a, minmay_shattered_shrine
D:8:      layout_loops_ring, mainiacjoe_overflow_24_doors, fedhas_altar_3
D:9:      layout_cave_pools, lightli_temple_of_fire, kennysheep_mini,
          serial_shops, nicolae_square_shop, nicolae_shop_waterfront, shop
D:10:     hellmonk_destroyed_diamonds, layout_gridville,
          minmay_orc_entry_temple_small, uniq_erolcha
Temple:   nicolae_temple_godzebo

Skill      XL: |  1  2  3  4  5  6  7  8  9 10 11 |
---------------+----------------------------------+-----
Earth Magic    | 4 5 6 8 9 10 | 10.0
Fighting       | 1 2 3 5 6 8 |  8.8
Conjurations   | 1 2 3 5 6 |  6.1
Spellcasting   | 3 4 5 6 7 8 |  8.5
Transmutations | 2 4 |  4.0
Polearms       | |  0.7
Dodging        | |  1.5
Stealth        | |  3.2

Action                     |  1- 3 |  4- 6 |  7- 9 | 10-12 || total
---------------------------+-------+-------+-------+-------++-------
  Melee: Mace              |     2 |       |       |       ||     2
         Dagger            |     6 |       |       |       ||     6
         Glaive            |     2 |    76 |    49 |    14 ||   141
   Cast: Sandblast         |    37 |    34 |    31 |    79 ||   181
         Stone Arrow       |       |       |    59 |    56 ||   115
Ability: Spit Poison       |     4 |     2 |     7 |     7 ||    20
  Evoke: Wand              |       |       |     1 |     5 ||     6
    Use: Scroll            |       |     5 |     3 |     7 ||    15
         Potion            |       |       |       |     4 ||     4
   Stab: Sleeping          |     2 |     8 |     5 |     1 ||    16
         Paralysed         |       |       |     3 |     1 ||     4
 Armour: Robe              |    10 |    51 |    48 |    44 ||   153
         Skin              |       |       |       |    21 ||    21
  Dodge: Dodged            |    14 |    38 |    29 |    39 ||   120
